AoeStats
← bigusdickus

Glade

511913015Analyzed
1v1 RM · 12d ago on Oct 7, 2026· 71m 41s· 2 players
Game mode
Random Map
Map size
Tiny (2 player)
Population
200
Speed
Normal
Resources
Standard
Victory
Conquest
Starting age
Dark Age
Ending age
Imperial Age
RankedLock teamsTeams togetherTeam positionsShared explorationLock speedFull tech treeHidden civsTurbo modeCheats
Victory
Defeat
🇲🇽 Vikings · Mexico
372
+19
vs
🇳🇿 Malians · New Zealand
427
-19
bigusdickus
0:40 Loom
16:10 Feudal Age
16:41 Town Watch
17:32 Wheelbarrow
16:50 Gold Mining
16:45 Horse Collar
16:47 Man-at-Arms
17:13 Arson
20:24 Fletching
20:53 Stone Mining
22:18 Double-Bit Axe
24:24 Forging
24:56 Scale Mail Armor
26:13 Padded Archer Armor
31:43 Castle Age
32:44 Leather Archer Armor
31:56 Long Swordsman
33:29 Town Patrol
33:32 Pikeman
34:28 Squires
36:01 Heavy Plow
36:40 Gold Shaft Mining
37:33 Hand Cart
39:04 Stone Shaft Mining
40:15 Iron Casting
44:23 Chain Mail Armor
44:06 Bodkin Arrow
46:58 Tigui
48:21 Tigui
50:00 Leather Archer Armor
49:09 Crossbowman
49:55 Thumb Ring
49:11 Elite Skirmisher
54:19 Guard Tower
55:36 Bow Saw
MarBaz3677
0:28 Loom
14:23 Feudal Age
14:57 Town Watch
14:55 Horse Collar
15:03 Double-Bit Axe
16:05 Gold Mining
16:09 Stone Mining
24:54 Castle Age
26:18 Town Patrol
26:22 Heavy Plow
26:36 Bow Saw
27:06 Gold Shaft Mining
27:02 Elite Skirmisher
27:03 Crossbowman
27:08 Man-at-Arms
27:34 Arson
27:20 Light Cavalry
28:59 Scale Barding Armor
30:54 Long Swordsman
30:55 Pikeman
31:35 Squires
34:01 Chain Barding Armor
33:42 Scale Mail Armor
33:53 Forging
33:33 Fletching
33:44 Padded Archer Armor
38:41 Chieftains
44:24 Imperial Age
42:31 Leather Archer Armor
45:59 Bogsveigar
46:36 Hoardings
45:32 Sappers
46:22 Conscription
47:53 Crop Rotation
48:27 Two-Man Saw
52:26 Elite Berserk
57:20 Chain Mail Armor
57:36 Ring Archer Armor
57:01 Bodkin Arrow
57:21 Masonry
56:52 Treadmill Crane
57:02 Heated Shot
57:33 Ballistics
58:14 Chemistry
57:10 Murder Holes
57:26 Fortified Wall
57:07 Guard Tower
56:42 Cavalier
59:18 Arbalester
61:39 Architecture
61:46 Plate Mail Armor
61:17 Bracer
61:52 Iron Casting
61:46 Elite Varangian Guard
61:47 Two-Handed Swordsman
63:06 Champion
70:02 Blast Furnace
69:51 Arrowslits
70:11 Siphons
70:17 Clinker Construction
70:18 Careening
70:13 Siege Engineers
70:43 Fervor
70:33 Atonement
70:49 Block Printing
70:35 Devotion
Connection lost

Rejoining the realm…

Still unreachable

The connection could not be restored.

Session expired

The server has moved on; the page needs a fresh start.